 Dungeon Crawl Stone Soup version 0.27-a0-1555-g0e7b3fb1d2 (webtiles) character file.

Game seed: 9002690193488039848

43 nyamberluvr69 the Shield-Bearer (level 3, -10/35 HPs)
             Began as a Gnoll Fighter on July 14, 2021.
             Mangled by Robin (16 damage)
             ... on level 2 of the Dungeon.
             The game lasted 00:01:16 (1033 turns).

nyamberluvr69 the Shield-Bearer (Gnoll Fighter)     Turns: 1033, Time: 00:01:17

Health: -10/35     AC: 11    Str: 16    XL:     3   Next: 58%
Magic:  4/4        EV:  8    Int:  7    God:
Gold:   66         SH: 10    Dex: 11    Spells: 3/3 levels left

rFire    . . .     SeeInvis .   a - +0 long sword
rCold    . . .     Faith    .   c - +0 kite shield
rNeg     . . .     Spirit   .   b - +0 scale mail
rPois    .         Reflect  .   (no helmet)
rElec    .         Harm     .   (no cloak)
rCorr    .         Rampage  .   (no gloves)
Will     .....                  (no boots)
Stlth    ..........             (no amulet)
HPRegen  0.11/turn              g - +4 ring of protection
MPRegen  0.09/turn              (no ring)

@: mighty
A: fangs 1, strong nose, distributed training
a: no special abilities


You were on level 2 of the Dungeon.
You visited 1 branch of the dungeon, and saw 2 of its levels.

You collected 66 gold pieces.

Inventory:

Hand Weapons
 a - a +0 long sword (weapon)
Armour
 b - a +0 scale mail (worn)
 c - a +0 kite shield (worn)
Jewellery
 g - a +4 ring of protection (left hand)
Scrolls
 e - a scroll of enchant armour {unknown}
 f - 2 scrolls of identify {unknown}
 i - a scroll of immolation {unknown}
Potions
 d - 2 potions of might
 h - a potion of lignification {unknown}


   Skills:
 + Level 6.5 Fighting
 + Level 0.8 Short Blades
 + Level 4.5 Long Blades
 + Level 0.8 Axes
 + Level 0.8 Maces & Flails
 + Level 0.8 Polearms
 + Level 0.8 Staves
 + Level 0.8 Slings
 + Level 0.8 Bows
 + Level 0.8 Crossbows
 + Level 0.8 Throwing
 + Level 6.5 Armour
 + Level 0.8 Dodging
 + Level 0.8 Stealth
 + Level 6.5 Shields
 + Level 0.8 Unarmed Combat
 + Level 0.8 Spellcasting
 + Level 0.5 Conjurations
 + Level 0.5 Hexes
 + Level 0.5 Summonings
 + Level 0.5 Necromancy
 + Level 0.5 Translocations
 + Level 0.5 Transmutations
 + Level 0.5 Fire Magic
 + Level 0.5 Ice Magic
 + Level 0.5 Air Magic
 + Level 0.5 Earth Magic
 + Level 0.5 Poison Magic
 + Level 1.0 Invocations
 + Level 0.8 Evocations


You had 3 spell levels left.
You didn't know any spells.
Your spell library was empty.

Dungeon Overview and Level Annotations

Branches:
Dungeon (2/15)

Altars:

Annotations:
D:2 Robin


Innate Abilities, Weirdness & Mutations

You have very sharp teeth.
Your uncanny sense of smell can sniff out nearby items.
Your experience applies equally to all skills.


Message History

You slash the goblin!
You kill the goblin!
You slash the goblin!
You kill the goblin!
You closely miss the hobgoblin. The hobgoblin hits you.
You block the hobgoblin's attack.
You slash the hobgoblin!
You kill the hobgoblin!
Robin roars a battlecry!
The goblin goes into a battle-frenzy!
You block the goblin's attack.
Your Invocations skill increases to level 1!
You hit the goblin.
You kill the goblin!
Robin says, "Bow before me, strongest of all the hobgoblins!"
The worm bites you but does no damage.
Items here: )))))) †††††.
You barely miss the worm. You block Robin's attack. Robin closely misses you.
You hit the worm. You bite the worm!
The worm is severely wounded.
The worm bites you but does no damage. You block Robin's attack.
You slash the worm!
You kill the worm!
Robin hits you but does no damage. Space warps horribly around you!
Robin closely misses you.
You riposte.
You hit Robin. Your bite misses Robin.
Robin is moderately wounded.
Things that are here:
a +0 club; a goblin corpse You hit Robin.
Your bite misses Robin.
Robin is severely wounded.
You block Robin's attack. Robin hits you but does no damage.
You blink.
Robin flexes a bicep menacingly.
Robin hits you from afar with a +2 spear of distortion.
Space bends around you.
* * * LOW HITPOINT WARNING * * *
Robin says, "Bow before me, strongest of all the hobgoblins!"
Robin hits you with a +2 spear of distortion.
* * * LOW HITPOINT WARNING * * *
Space warps horribly around you!
You die...

...####..##### #.#
....##8^8##..# #.#
...####.###..# #.# #.##
#.###.## #)# #.#
#......###)# #.#
#####>....##)# #.#
#..(.......#.# #.#
#.###......#g###### #.#
#.# ##...#..@.[...# #.#
#.# #............#
#.###.# #.#####..##..#
#...#.# #.# ........#
###.#.# #.. ..........
##....####.. .......>...
............###...?....#
##..######.# #........#
#..##### ..........


You could see Robin.

Vanquished Creatures
  An adder (D:2)
  A worm (D:2)
  A dart slug (D:1)
  2 endoplasms (D:2)
  9 goblins
  3 hobgoblins
  A kobold (D:2)
  2 quokkas
  2 ball pythons (D:1)
  3 bats (D:1)
  A frilled lizard (D:2)
  2 rats
28 creatures vanquished.

Notes
Turn   | Place    | Note
-------+----------+-------------------------------------------
     0 | D:1      | nyamberluvr69 the Gnoll Fighter began the quest for the
                  | Orb.
     0 | D:1      | Reached XP level 1. HP: 23/23 MP: 1/1
   218 | D:1      | Reached XP level 2. HP: 27/29 MP: 2/2
   970 | D:2      | Found a faded altar of an unknown god.
   990 | D:2      | Noticed Robin
  1008 | D:2      | Reached XP level 3. HP: 30/35 MP: 3/3
  1024 | D:2      | Reached skill level 1 in Invocations
  1033 | D:2      | Mangled by Robin

Illustrated notes

Levels and vault maps discovered:
D:1:      wander_arrival_peaceful_grave, layout_basic, minmay_octomino_e4
D:2:      layout_loops_ring, shapermc_ecumenical_altar_petra, st_stairs_5,
          uniq_robin, uniq_terence

Skill      XL: |  1  2  3 |
---------------+----------+-----
Invocations    | 1 |  1.0
Fighting       | |  6.5
Short Blades   | |  0.8
Long Blades    | |  4.5
Axes           | |  0.8
Maces & Flails | |  0.8
Polearms       | |  0.8
Staves         | |  0.8
Slings         | |  0.8
Bows           | |  0.8
Crossbows      | |  0.8
Throwing       | |  0.8
Armour         | |  6.5
Dodging        | |  0.8
Stealth        | |  0.8
Shields        | |  6.5
Unarmed Combat | |  0.8
Spellcasting   | |  0.8
Conjurations   | |  0.5
Hexes          | |  0.5
Summonings     | |  0.5
Necromancy     | |  0.5
Translocations | |  0.5
Transmutations | |  0.5
Fire Magic     | |  0.5
Ice Magic      | |  0.5
Air Magic      | |  0.5
Earth Magic    | |  0.5
Poison Magic   | |  0.5
Evocations     | |  0.8

Action                   || total
-------------------------++-------
Melee: Long sword        ||    69
       Bite              ||     6
  Use: Potion            ||     1
Armor: Scale mail        ||    35
Dodge: Dodged            ||    25
Block: Kite shield       ||    47
       Rpst.: Long sword ||    10

Table legend: (Time is in decaauts)
 A = Elapsed time spent in this place.
 B = Non-inter-level travel time spent in this place.
 C = Inter-level travel time spent in this place.
 D = Time resting spent in this place.
 E = Time spent auto-exploring this place.
 F = Levels seen in this place.
 G = Mean time per level.
                   A        B        C        D        E       F      G
               +--------+--------+--------+--------+--------+-----+--------+
         Total |   1056 |   1054 |      2 |      0 |    896 |   2 |  528.0 |
       Dungeon |   1056 |   1054 |      2 |      0 |    896 |   2 |  528.0 |
               +--------+--------+--------+--------+--------+-----+--------+

Top non-repeatable levels by time:
     D:1: 790 daAuts
     D:2: 265 daAuts
